AoeStats
← aacar6135

Glade

510501155Analyzed
1v1 RM · 2d ago on Oct 1, 2026· 20m 28s· 2 players
Game mode
Random Map
Map size
Tiny (2 player)
Population
200
Speed
Normal
Resources
Standard
Victory
Conquest
Starting age
Dark Age
Ending age
Imperial Age
RankedLock teamsTeams togetherTeam positionsShared explorationLock speedFull tech treeHidden civsTurbo modeCheats
Victory
Defeat
🇷🇴 Malay · Romania
765
+16
🇹🇷 Persians · Türkiye
759
-16
aacar6135
10:32 Feudal Age
10:54 Double-Bit Axe
20:44 Castle Age
lenasboss
11:53 Feudal Age
11:40 Double-Bit Axe
12:54 Wheelbarrow
12:36 Loom
16:27 Town Watch
16:44 Gold Mining
16:48 Stone Mining
Connection lost

Rejoining the realm…

Still unreachable

The connection could not be restored.

Session expired

The server has moved on; the page needs a fresh start.